 Dungeon Crawl Stone Soup version 0.27-a0-1500-g450c7e4133 (webtiles) character file.

Game seed: 7505310987845764717

16 blackman the Shield-Bearer (level 2, -1/24 HPs)
             Began as a Formicid Fighter on July 7, 2021.
             Killed by nerve-wracking pain
             ... invoked by a shadow imp
             ... summoned by Natasha
              (10 damage)
             ... on level 2 of the Dungeon.
             The game lasted 00:06:02 (1098 turns).

blackman the Shield-Bearer (Formicid Fighter)       Turns: 1098, Time: 00:06:02

Health: -1/24      AC:  6    Str: 20      XL:     2   Next: 75%
Magic:  2/2        EV:  8    Int:  7      God:
Gold:   62         SH:  9    Dex:  9 (12) Spells: 1/1 levels left

rFire    . . .     SeeInvis +   a - +0 trident
rCold    . . .     Faith    .   c - +0 kite shield
rNeg     . . .     Spirit   .   b - +0 scale mail
rPois    .         Reflect  .   (helmet unavailable)
rElec    .         Harm     .   (no cloak)
rCorr    .         Rampage  .   (no gloves)
Will     .....                  (no boots)
Stlth    ..........             (no amulet)
HPRegen  0.08/turn              (no ring)
MPRegen  0.08/turn              (no ring)

@: unable to read, very slow
A: permanent stasis, dig shafts and tunnels, antennae 3, four strong arms, agile
1, evolution 1, inability to read while threatened
a: Dig, Shaft Self


You were on level 2 of the Dungeon.
You visited 1 branch of the dungeon, and saw 2 of its levels.

You collected 62 gold pieces.

Inventory:

Hand Weapons
 a - a +0 trident (weapon)
Armour
 b - a +0 scale mail (worn)
 c - a +0 kite shield (worn)


   Skills:
 + Level 3.5 Fighting
 * Level 2.3 Polearms
 + Level 3.4 Armour
 * Level 4.0 Shields


You had one spell level left.
You didn't know any spells.
Your spell library contained the following spells:

 Spells                   Type           Power      Damage    Failure   Level
 Magic Dart               Conj           0%         1d3       98%         1
 Call Imp                 Summ           0%         N/A       99%         2
 Mephitic Cloud           Conj/Pois/Air  0%         N/A       100%        3


Dungeon Overview and Level Annotations

Branches:
Dungeon (2/15)

Altars:
Cheibriados

Annotations:
D:2 Natasha


Innate Abilities, Weirdness & Mutations

You cannot be hasted, slowed, berserked, paralysed or teleported.
You can dig through walls and to a lower floor.
You have a pair of large antennae on your head. (SInv)
Your four strong arms can wield two-handed weapons with a shield.
You are agile. (Dex +2)
You evolve.
You sometimes lose the ability to read scrolls when taking damage.


Message History

You barely miss the kobold.
The kobold is moderately wounded.
You block the kobold's attack.
Unknown command.
You miss the kobold.
The kobold is moderately wounded.
The kobold hits you but does no damage. You block the kobold's attack.
You barely miss the kobold.
The kobold is moderately wounded.
The kobold barely misses you.
You barely miss the kobold.
The kobold is moderately wounded.
The kobold hits you with a +0 whip.
Natasha mumbles some strange words.
You puncture the kobold!
You kill the kobold!
Natasha casts a spell at you. The magic dart hits you.
Natasha stares at you and mumbles some strange words.
The magic dart hits you.
You feel threatened and lose the ability to read scrolls!
You hear a shout!
A rat comes into view.
The shadow imp hits you. Natasha barely misses you.
You see here a +0 whip.
You can read scrolls again.
A dart slug comes into view.
You block the shadow imp's attack.
Unknown command.
As you read the scroll labelled VOUTZA AXAANAI, it crumbles to dust.
You feel a strange sense of stasis.
It was a scroll of teleportation.
The shadow imp hits you.
As you read the scroll labelled WEPPES NUEF, it crumbles to dust.
It is a scroll of amnesia.
You feel forgetful for a moment. The shadow imp hits you.
You feel threatened and lose the ability to read scrolls!
You hit the shadow imp but do no damage.
The shadow imp gestures at you. Pain shoots through your body!
You die...

....# #...#
#...####### #####
#...#(..##.
(...#####........#.
#................
#...?...........†
#.###...............>
#...@.#####........#.
#####5.# #...#...##.
#.......w#
#...#######
#..#..##.# #...# ..{.
.# #...# ..... ..
#...# #.... #.......#
.r## ...#...### ## #
#.....


You could see a shadow imp (summoned) and a dart slug.

Vanquished Creatures
  An endoplasm (D:1)
  2 giant cockroaches (D:1)
  3 goblins (D:1)
  A kobold (D:2)
  A quokka (D:1)
  3 bats
  3 frilled lizards (D:1)
  A rat (D:2)
15 creatures vanquished.

Notes
Turn   | Place    | Note
-------+----------+-------------------------------------------
     0 | D:1      | blackman the Formicid Fighter began the quest for the Orb.
     0 | D:1      | Reached XP level 1. HP: 18/18 MP: 1/1
    40 | D:1      | Found a faded altar of an unknown god.
    58 | D:1      | Became a worshipper of Cheibriados the Contemplative
    58 | D:1      | Reached * piety under Cheibriados
    60 | D:1      | Fell from the grace of Cheibriados
   141 | D:1      | Reached XP level 2. HP: 24/24 MP: 2/2
   833 | D:1      | Gained mutation: You sometimes lose the ability to read
                  | scrolls when taking damage. [potion of mutation]
   833 | D:1      | Gained mutation: You evolve. [potion of mutation]
   841 | D:1      | Reached skill level 4 in Shields
   928 | D:1      | Gained mutation: You are agile. (Dex +2) [evolution]
  1086 | D:2      | Noticed Natasha
  1098 | D:2      | Killed from afar by a shadow imp

Illustrated notes

Levels and vault maps discovered:
D:1:      lemuel_arrival_room, layout_loops_ring,
          shapermc_ecumenical_altar_starsandcircs,
          wander_ebering_terrifying_dragon_lair
D:2:      layout_loops_cross, uniq_natasha

Skill      XL: |  1  2 |
---------------+-------+-----
Shields        | 4 |  4.0
Fighting       | |  3.5
Polearms       | |  2.3
Armour         | |  3.4

Action                   || total
-------------------------++-------
Melee: Trident           ||    62
Invok: Renounce Religion ||     1
 Abil: Dig               ||     2
  Use: Scroll            ||     2
       Potion            ||     2
Armor: Scale mail        ||    22
Dodge: Dodged            ||    10
Block: Kite shield       ||    31

Table legend: (Time is in decaauts)
 A = Elapsed time spent in this place.
 B = Non-inter-level travel time spent in this place.
 C = Inter-level travel time spent in this place.
 D = Time resting spent in this place.
 E = Time spent auto-exploring this place.
 F = Levels seen in this place.
 G = Mean time per level.
                   A        B        C        D        E       F      G
               +--------+--------+--------+--------+--------+-----+--------+
         Total |   1448 |   1285 |    163 |      0 |   1120 |   2 |  724.0 |
       Dungeon |   1448 |   1285 |    163 |      0 |   1120 |   2 |  724.0 |
               +--------+--------+--------+--------+--------+-----+--------+

Top non-repeatable levels by time:
     D:1: 1375 daAuts
     D:2: 72 daAuts
